AoeStats
← JLTijs07

Arabia

510483274Analyzed
1v1 RM · 23h ago on Oct 1, 2026· 36m 44s· 2 players
Game mode
Random Map
Map size
Tiny (2 player)
Population
200
Speed
Normal
Resources
Standard
Victory
Conquest
Starting age
Dark Age
Ending age
Imperial Age
RankedLock teamsTeams togetherTeam positionsShared explorationLock speedFull tech treeHidden civsTurbo modeCheats
Victory
Defeat
🇹🇼 Spanish · Taiwan
1006
+16
🇲🇽 Mongols · Mexico
1005
-16
JLTijs07
6:55 Loom
10:28 Feudal Age
21:04 Castle Age
19:23 Bloodlines
20:00 Double-Bit Axe
19:57 Horse Collar
22:13 Elite Skirmisher
25:57 Husbandry
28:03 Fletching
29:23 Padded Archer Armor
29:18 Bodkin Arrow
33:47 Town Watch
35:15 Wheelbarrow
35:12 Leather Archer Armor
艾斯
0:27 Loom
10:48 Feudal Age
18:08 Castle Age
19:39 Husbandry
19:29 Horse Collar
29:12 Bloodlines
35:32 Imperial Age
33:42 Wheelbarrow
33:31 Padded Archer Armor
33:21 Fletching
34:03 Light Cavalry
35:24 Scale Barding Armor
35:33 Forging
36:52 Leather Archer Armor
36:33 Bodkin Arrow
Connection lost

Rejoining the realm…

Still unreachable

The connection could not be restored.

Session expired

The server has moved on; the page needs a fresh start.